 Dungeon Crawl Stone Soup version 0.29.0-11-gd7f09526c8 (webtiles) character file.

Game seed: 14393514469786799676

114 themarg the Digger (level 4, -8/24 HPs)
             Began as a Gargoyle Earth Elementalist on Sept 2, 2022.
             Killed by divine providence
             ... invoked by an orc priest
              (10 damage)
             ... on level 3 of the Dungeon.
             The game lasted 00:10:13 (2292 turns).

themarg the Digger (Gargoyle Earth Elementalist)    Turns: 2292, Time: 00:10:13

Health: -8/24      AC:  9    Str: 12    XL:     4   Next: 98%
Magic:  16/17      EV: 12    Int: 17    God:
Gold:   87         SH:  0    Dex: 10    Spells: 7/8 levels left

rFire   . . .      SeeInvis .   d - +0 trident
rCold   . . .      Faith    .   (no shield)
rNeg    + . .      Spirit   .   a - +0 robe
rPois   ∞          Reflect  .   (no helmet)
rElec   +          Harm     .   (no cloak)
rCorr   .          Rampage  .   (no gloves)
Will    .....                   (no boots)
Stlth   ++........              (no amulet)
HPRegen 0.08/turn               e - +4 ring of protection
MPRegen 0.15/turn               k - ring of magical power

@: no status effects
A: sickness immunity, AC +3, negative energy resistance 1, electricity
resistance, torment resistance 1, petrification resistance
a: no special abilities


You were on level 3 of the Dungeon.
You visited 1 branch of the dungeon, and saw 3 of its levels.

You collected 87 gold pieces.

Inventory:

Hand Weapons
 d - a +0 trident (weapon)
 n - a +0 morningstar of holy wrath
Armour
 a - a +0 robe (worn)
Jewellery
 e - a +4 ring of protection (left hand)
 i - an amulet of faith
 k - a ring of magical power (right hand)
 l - a ring of magical power
Scrolls
 c - a scroll of amnesia {unknown}
 f - a scroll of magic mapping {unknown}
 g - 2 scrolls of fog {unknown}
 o - a scroll of identify {unknown}
 p - a scroll of teleportation {unknown}
 q - a scroll of enchant weapon {unknown}
 s - a scroll of vulnerability {unknown}
 u - a scroll of fear {unknown}
Potions
 b - a potion of magic
 h - a potion of heal wounds {unknown}
 j - a potion of lignification {unknown}
 m - a potion of curing {unknown}
 r - a potion of cancellation
 t - a potion of degeneration {unknown}


   Skills:
 + Level 2.0 Dodging
 + Level 2.3 Stealth
 + Level 2.9 Spellcasting
 - Level 0.7 Transmutations
 * Level 5.5 Earth Magic


You had 7 spell levels left.
You knew the following spells:

 Your Spells              Type           Power      Damage    Failure   Level
a - Sandblast             Erth           42%        2d11      1%          1

Your spell library contained the following spells:

 Spells                   Type           Power      Damage    Failure   Level
 Passwall                 Tmut/Erth      10%        N/A       8%          2
 Stone Arrow              Conj/Erth      22%        3d8       17%         3
 Freeze                   Ice            8%         1d3       19%         1
 Petrify                  Tmut/Erth      13%        N/A       43%         4
 Dazzling Flash           Conj/Hex       4%         N/A       47%         3
 Frozen Ramparts          Ice            4%         1d1       47%         3
 Hailstorm                Conj/Ice       2%         3d3       87%         4
 Agony                    Necr           2%         N/A       99%         5
 Silence                  Hex/Air        1%         N/A       99%         5


Dungeon Overview and Level Annotations

Branches:
Dungeon (3/15)

Altars:


Innate Abilities, Weirdness & Mutations

You are immune to sickness and miasma.
Your stone body is resilient. (AC +3)
You are immune to poison.
You resist negative energy. (rN+)
You are resistant to electric shocks. (rElec)
You are resistant to unholy torment.
You are immune to petrification.


Message History

You open the door.
There is an open door here.
You now have 87 gold pieces (gained 19).
u - a scroll labelled VEGUEKETWI You see here a +0 hand axe.
Found 2 stones.
There is an open door here.
Found a stone staircase leading down.
There is a stone staircase leading down here.
Found a ring mail.
You see here a +0 ring mail.
You pick up a book of the Senses and begin reading...
You add the spells Dazzling Flash, Agony and Silence to your library.
The orc shouts!
Casting: Sandblast (safe; 1% risk of failure)
Confirm with . or Enter, or press ? or * to list all spells.
You can't see any susceptible monsters within range! (Use Z to cast anyway.)
Casting: Sandblast (safe; 1% risk of failure)
Confirm with . or Enter, or press ? or * to list all spells.
Aiming: Sandblast (safe; 1% risk of failure)
Press: ? - help, Shift-Dir - straight line, f - orc
Aim: an orc, wielding a +0 mace, wearing a +0 scale mail and wearing a +6 ring of strength (85% to hit)
The blast of sand hits the orc but does no damage.
The orc priest invokes the aid of Beogh against you.
Pain shoots through your body!
You barely miss the orc.
The orc unwields a +0 hand axe.
The orc wields a +0 sling.
The orc shoots a sling bullet.
The sling bullet barely misses you. The orc hits you but does no damage.
You closely miss the orc. The orc hits you with a +0 mace.
The orc priest begins to cast a cantrip, but forgets the words!
The orc priest calls down the wrath of Beogh upon you.
Beogh smites you!
* * * LOW HITPOINT WARNING * * *
The orc hits you but does no damage.
It was a potion of cancellation.
You feel magically purged. The orc hits you with a +0 mace.
* * * LOW HITPOINT WARNING * * *
The orc priest calls down the wrath of Beogh upon you.
Beogh smites you!
You die...

#...........##########..
#...##.....###########..
#...##..........<#......
#####
###...##.####.....##......
#...#
#...>.......#.....##......
#.#.#
#.####.####.#.....##......
#.#.# #.#
#......oo.)..##......
#.#.###.#
#......#.....########
#[#.....# #...@o.#.....#
#.##########.....(#.....#
#.#...............#.....#
#...#########.....##...##
##### ##########.# .#


You could see an orc priest and 2 orcs.

Vanquished Creatures
  Jessica (D:2)
  2 adders
  A worm (D:2)
  2 dart slugs
  5 orcs (D:3)
  3 ball pythons
  4 bats (D:1)
  2 endoplasms
  2 giant cockroaches (D:2)
  5 goblins
  7 hobgoblins
  5 jackals (D:2)
  6 quokkas
  4 kobolds
  5 rats
54 creatures vanquished.

Notes
Turn   | Place    | Note
-------+----------+-------------------------------------------
     0 | D:1      | themarg the Gargoyle Earth Elementalist began the quest for
                  | the Orb.
     0 | D:1      | Reached XP level 1. HP: 10/10 MP: 3/3
   159 | D:1      | Reached skill level 4 in Earth Magic
   159 | D:1      | Reached XP level 2. HP: 15/15 MP: 3/5
   240 | D:1      | Found a faded altar of an unknown god.
  1036 | D:2      | Reached XP level 3. HP: 19/19 MP: 6/6
  1421 | D:2      | Noticed Jessica
  1434 | D:2      | Killed Jessica
  1435 | D:2      | Reached skill level 5 in Earth Magic
  1435 | D:2      | Reached XP level 4. HP: 24/24 MP: 7/7
  2292 | D:3      | Killed from afar by an orc priest

Illustrated notes

Levels and vault maps discovered:
D:1:      nicolae_arrival_memento_mori, layout_basic,
          shapermc_ecumenical_altar_ellora, minmay_tree_intersection
D:2:      layout_rooms, uniq_jessica
D:3:      layout_basic, gammafunk_ghost_cemetery, uniq_natasha

Skill      XL: |  1  2  3 |
---------------+----------+-----
Earth Magic    | 4 5 |  5.5
Dodging        | 2 |  2.0
Stealth        | |  2.3
Spellcasting   | |  2.9
Transmutations | |  0.7

Action                   |  1- 3 |  4- 6 || total
-------------------------+-------+-------++-------
Melee: Trident           |     2 |     3 ||     5
 Cast: Sandblast         |    49 |    27 ||    76
  Use: Potion            |       |     1 ||     1
Armor: Robe              |     3 |     3 ||     6
Dodge: Dodged            |    13 |     4 ||    17
